Map: Ascension to Aiur LE

Players

Harstem - Winner!

  • Race: Protoss Protoss
  • Spawn Location: 5:00

Rommeo

  • Race: Zerg Zerg
  • Spawn Location: 11:00

Event: WCS Valencia 2017

VOD

Have the link to the VOD?

Description

Time

  • Played on: July 13, 2017, 6:26 a.m.
  • Length: 6:05

All games in this series

Show
View Real Time Build Order
Export as new Build Order

Harstem Protoss - Winner!

Build Orders: 1 Gate Expand, Oracle Opening 

Get SALT Encoding   

  12  0:01  Probe (Chrono Boost)  
  13  0:11  Probe (Chrono Boost)  
  14  0:17  Pylon  
  14  0:22  Probe (Chrono Boost)  
  15  0:36  Probe (Chrono Boost)  
  15  0:38  Gateway  
  16  0:43  Assimilator  
  16  0:47  Probe (Chrono Boost)  
  17  0:57  Probe (Chrono Boost)  
  18  1:08  Probe (Chrono Boost)  
  19  1:15  Pylon  
  19  1:18  Probe (Chrono Boost)  
  20  1:29  Nexus  
  20  1:35  Cybernetics Core  
  20  1:38  Probe (Chrono Boost)  
  21  1:45  Pylon  
  21  1:51  Zealot (Chrono Boost)  
  23  1:56  Assimilator  
  23  2:06  Probe  
  24  2:14  Warp Gate, Adept (Chrono Boost)  
  26  2:18  Probe (Chrono Boost)  
  27  2:30  Probe (Chrono Boost)  
  27  2:39  Gateway  
  27  2:40  Probe (Chrono Boost), Stargate  
  27  2:42  Probe (Chrono Boost)  
  29  2:51  Probe (Chrono Boost)  
  30  2:53  Probe (Chrono Boost)  
  31  2:59  Mothership Core (Chrono Boost)  
  31  3:03  Probe (Chrono Boost), Adept (Chrono Boost)  
  36  3:09  Pylon  
  36  3:15  Probe (Chrono Boost)  
  36  3:19  Probe (Chrono Boost)  
  37  3:26  Probe (Chrono Boost)  
  38  3:30  Probe (Chrono Boost), Oracle (Chrono Boost)  
  43  3:36  Probe  
  44  3:42  Probe  
  44  3:45  Gateway  
  44  3:46  Probe  
  46  3:50  Pylon  
  46  3:55  Probe  
  47  3:57  Probe  
  48  4:06  Oracle (Chrono Boost)  
  48  4:07  Probe  
  50  4:12  Probe  
  50  4:18  Pylon  
  50  4:20  Stalker x2  
  54  4:25  Pylon  
  54  4:27  Pylon  
  54  4:30  Pylon, Gateway  
  54  4:43  Pylon, Stalker  
  54  4:45  Pylon  
  56  4:49  Stalker x2  
  60  4:55  Pylon  
  56  5:09  Zealot  
  56  5:12  Probe  
  56  5:14  Gateway  
  59  5:16  Gateway  
  59  5:17  Probe, Stalker, Gateway  
  62  5:25  Zealot  
  64  5:29  Probe (Chrono Boost)  
  65  5:36  Gateway  
  63  5:44  Stalker  
  65  5:55  Stalker  
  67  5:58  Pylon  
Show
View Real Time Build Order
Export as new Build Order

Rommeo Zerg 

Build Orders: Pool First 

Get SALT Encoding   

  12  0:01  Drone  
  13  0:12  Overlord  
  13  0:17  Drone  
  14  0:31  Drone x2  
  16  0:42  Drone  
  17  0:46  Spawning Pool  
  17  0:49  Drone  
  17  0:51  Extractor  
  16  0:57  Drone  
  17  1:26  Hatchery  
  16  1:33  Zergling x6  
  19  1:40  Queen  
  19  1:45  Drone  
  22  2:01  Roach Warren  
  22  2:05  Overlord  
  21  2:13  Metabolic Boost  
  21  2:42  Roach  
  21  2:43  Roach x3  
  29  2:50  Roach  
  31  3:03  Roach x2  
  35  3:11  Overlord  
  35  3:16  Extractor  
  34  3:20  Queen  
  37  3:36  Zergling x6  
  39  3:48  Zergling x4  
  39  3:49  Zergling x2  
  39  3:53  Overlord  
  42  3:58  Zergling x2  
  43  4:13  Zergling x6  
  43  4:14  Zergling x2  
  44  4:20  Ravager x2  
  44  4:23  Ravager  
  47  4:24  Zergling x2  
  48  4:40  Zergling x2  
  48  4:41  Zergling x6  
  48  4:55  Ravager  
  42  5:01  Zergling x8  
  39  5:10  Zergling x2  
  29  5:26  Zergling x2  
  29  5:27  Zergling x6  
  32  5:36  Zergling x2  
  32  5:37  Zergling x2  
Tags
 
Add a new tag
Caveats
  • Supply blocks, unpowered buildings, or Contaminate may cause inaccurate times.
  • Supply counts are checked every 10 seconds.